 Dungeon Crawl Stone Soup version 0.23.2-33-g5129a83184 (webtiles) character file.

Game seed: 1515041482919900204

3746 psyvane the Arsonist (level 9, -3/108 HPs)
             Began as a Demonspawn Wanderer on July 17, 2019.
             Was a Believer of Qazlal.
             Killed from afar by a wight (23 damage)
             ... with a wand of acid (7)
             ... on level 9 of the Dungeon on July 18, 2019.
             The game lasted 00:35:18 (8082 turns).

psyvane the Arsonist (Demonspawn Wanderer)          Turns: 8082, Time: 00:35:19

Health: -3/108     AC: 20    Str: 18    XL:     9   Next: 93%
Magic:  10/10      EV:  2    Int: 17    God:    Qazlal [**....]
Gold:   0          SH:  2    Dex: 20    Spells: 5/8 levels left

rFire    x . .     SeeInvis .   B - +2 war axe (freeze)
rCold    + + .     Gourm    .   (no shield)
rNeg     + + +     Faith    .   (armour currently unavailable)
rPois    +         Spirit   .   (helmet currently unavailable)
rElec    .         Reflect  .   (cloak currently unavailable)
rCorr    .         Harm     .   (gloves currently unavailable)
MR       .....     NoTele   +   (boots currently unavailable)
Stlth    ++........             (no amulet)
HPRegen  1.68/turn              p - ring of ice
MPRegen  0.12/turn              E - ring of protection from cold

@: mighty, brilliant, agile, tree-form, corroded, hasted, drained, very quick
A: clumsy 1, powered by death 2, regeneration 1
a: Upheaval, Renounce Religion


You were on level 9 of the Dungeon.
You worshipped Qazlal.
Qazlal was pleased with you.
You were not hungry.
You were a tree.
You visited 2 branches of the dungeon, and saw 10 of its levels.

Inventory:

Hand Weapons
 c - a +0 shortbow
 u - a -1 spear
 v - a +1 quarterstaff of distortion
 B - a +2 war axe of freezing (weapon)
Missiles
 d - 56 arrows
 A - a bolt
Armour
 f - a +0 robe
 F - the +0 ring mail of Omission (melded) {rF- Str+8}
   (You found it on level 6 of the Dungeon)

   It affects your strength (+8).
   It makes you vulnerable to fire.
Jewellery
 p - a ring of ice (left branch)
 E - a ring of protection from cold (right branch)
Wands
 b - a wand of clouds (7)
 s - a wand of disintegration (9)
 C - a wand of random effects (23)
 D - a wand of acid (11)
Scrolls
 j - 3 scrolls of enchant armour
 n - a scroll of fog
Potions
 e - a potion of curing
 h - 2 potions of flight
 l - 2 potions of lignification
 x - a potion of might
Comestibles
 g - 13 rations


   Skills:
 - Level 7.1(5.9) Fighting
 - Level 1.2(0.2) Axes
   Level 5.3(4.2) Crossbows
 - Level 1.0(0.0) Throwing
 - Level 1.7(0.8) Armour
 - Level 1.0(0.0) Dodging
 - Level 1.0(0.0) Stealth
 * Level 10.0(8.7) Fire Magic
 - Level 2.6(1.6) Evocations


You had 5 spell levels left.
You knew the following spells:

 Your Spells              Type           Power        Failure   Level  Hunger
a - Inner Flame           Hex/Fire       ####....     1%          3    ####...

Your spell library contained the following spells:

 Spells                   Type           Power        Failure   Level  Hunger
 Flame Tongue             Conj/Fire      ####.        1%          1    ##.....
 Throw Flame              Conj/Fire      ####..       1%          2    ###....
 Conjure Flame            Conj/Fire      ####....     1%          3    ####...
 Freeze                   Ice            ###.         3%          1    ##.....
 Throw Frost              Conj/Ice       ###...       4%          2    ###....
 Sticky Flame             Conj/Fire      ####....     4%          4    #####..
 Ozocubu's Armour         Chrm/Ice       ###.....     8%          3    ####...
 Fireball                 Conj/Fire      ####......   12%         5    ######.
 Summon Ice Beast         Ice/Summ       ###.....     24%         4    #####..
 Throw Icicle             Conj/Ice       ###.....     24%         4    #####..


Dungeon Overview and Level Annotations

Branches:
Dungeon (9/15)             Temple (1/1) D:6
   Lair: D:8-11         Orc: D:9-12

Altars:
Ashenzari
Cheibriados
Dithmenos
Elyvilon
Fedhas
Gozag
Hepliaklqana
Kikubaaqudgha
Makhleb
Nemelex Xobeh
Qazlal
Ru
Sif Muna
Trog
Uskayaw
Vehumet
Xom
Yredelemnul
Zin
The Shining One

Shops:
D:6 %   D:9 [

Annotations:
D:9 Maurice


Innate Abilities, Weirdness & Mutations

((You have sharp fingernails.))
((You are partially covered in large bone plates. (SH +4)))
You regenerate health from kills.
((You are mostly covered in sharp spines.))
You are clumsy. (Dex -2)
((Your system is resistant to poisons. (rPois)))
Your natural rate of healing is unusually fast.


Message History

Qazlal accepts your kill.
The wight hits you from afar with a cursed +0 halberd.
* * * LOW HITPOINT WARNING * * *
The wight hits you but does no damage.
Okay, then.
Evoke which item? (* to show all) (? for menu, Esc to quit)
Aiming: Disintegrate
Press: ? - help, Shift-Dir - straight line, f - wight
Aim: a wight, wielding a +0 halberd and wearing a +0 robe (chance to defeat MR: 72%)
The wight is blasted!
The kobold shoots a poisoned needle.
The poisoned needle hits you!
You are poisoned.
You feel better.
The wight hits you but does no damage. x2
Evoke which item? (* to show all) (? for menu, Esc to quit)
Aiming: Disintegrate
Press: ? - help, Shift-Dir - straight line, f/p - wight
Aim: a wight, wielding a +0 halberd and wearing a +0 robe (severely damaged, chance to defeat MR: 72%)
The wight struggles to resist.
The wight zaps a wand.
The bolt of acid hits you!!
You die...

#........
#........
#........
#K.K.....
#K.......
#.K......
#K†......
#♣.......
#(†###### #zz#
#zz# #..#
#..###############
#.....zz..........
#.................
#.................


You could see a big kobold, 4 wights and 4 kobolds.

Vanquished Creatures
  A queen bee (D:9)
  A hippogriff (D:8)
  A wyvern (D:9)
  A water moccasin (D:5)
  2 orc warriors
  2 sky beasts
  A black bear (D:9)
  An ice beast (D:7)
  An ogre (D:7)
  A phantom (D:5)
  2 necrophages (D:7)
  A bullfrog (D:9)
  16 killer bees (D:9)
  A wight (D:9)
  4 crimson imps
  A quasit (D:9)
  5 hounds
  A jelly (D:9)
  2 bullfrog skeletons
  A centaur skeleton (D:8)
  An orc priest (D:3)
  A gnoll shaman (D:7)
  12 orc wizards
  Ijyb (D:5)
  5 iguanas
  A worker ant (D:9)
  A worker ant zombie (D:6)
  A howler monkey skeleton (D:6)
  8 adders
  11 gnolls
  An ooze (D:2)
  5 worms
  A dart slug (D:1)
  7 leopard geckos
  15 orcs
  3 ball pythons
  3 giant cockroaches
  10 hobgoblins
  8 jackals
  14 kobolds
  3 quokkas
  9 bats
  7 frilled lizards
  4 goblins
  A quokka skeleton (D:4)
  6 rats
185 creatures vanquished.

Vanquished Creatures (others)
  An orc wizard (D:4)
  A kobold (D:9)
2 creatures vanquished.

Grand Total: 187 creatures vanquished

Notes
Turn   | Place    | Note
-------+----------+-------------------------------------------
     0 | D:1      | psyvane the Demonspawn Wanderer began the quest for the
                  | Orb.
     0 | D:1      | psyvane set off with the following items: a +2 hand
                  | crossbow, 24 bolts, a +0 shortbow, 29 arrows, a potion of
                  | curing, a +0 robe, a ration
     0 | D:1      | Reached XP level 1. HP: 15/15 MP: 1/1
   154 | D:1      | Gained mutation: You regenerate a little health from kills.
                  | [demonic ancestry]
   154 | D:1      | Reached XP level 2. HP: 21/21 MP: 2/2
   396 | D:1      | Gained mutation: You regenerate health from kills. [demonic
                  | ancestry]
   396 | D:1      | Reached XP level 3. HP: 26/26 MP: 3/3
   848 | D:2      | Gained mutation: You are partially covered in sharp spines.
                  | [demonic ancestry]
   848 | D:2      | Reached XP level 4. HP: 28/32 MP: 4/4
  1090 | D:2      | Reached skill level 5 in Crossbows
  1480 | D:2      | Gained mutation: You are partially covered in large bone
                  | plates. (SH +4) [demonic ancestry]
  1480 | D:2      | Reached XP level 5. HP: 26/37 MP: 5/5
  3005 | D:4      | Reached XP level 6. HP: 39/47 MP: 6/6
  3295 | D:4      | Noticed a sky beast
  3305 | D:4      | Killed a sky beast
  3699 | D:4      | Reached skill level 5 in Fighting
  4105 | D:5      | Entered Level 5 of the Dungeon
  4132 | D:5      | Noticed Ijyb
  4139 | D:5      | Noticed a water moccasin
  4142 | D:5      | Killed Ijyb
  4142 | D:5      | Reached XP level 7. HP: 50/56 MP: 7/7
  4404 | D:5      | Found a burning altar of Makhleb.
  5326 | D:6      | Found Qefeivit's Food Shoppe.
  5340 | D:6      | Found a shimmering altar of Xom.
  5491 | D:6      | Found an opulent altar of Gozag.
  5515 | D:6      | Found a staircase to the Ecumenical Temple.
  5527 | Temple   | Entered the Ecumenical Temple
  5630 | Temple   | Became a worshipper of Qazlal Stormbringer
  5881 | D:6      | Got a scorched ring mail
  5882 | D:6      | Identified the cursed +0 ring mail of Omission {rF- Str+8}
                  | (You found it on level 6 of the Dungeon)
  6005 | D:7      | Reached skill level 1 in Axes
  6026 | D:7      | Learned a level 3 spell: Inner Flame
  6039 | D:7      | Gained mutation: You are mostly covered in sharp spines.
                  | [demonic ancestry]
  6039 | D:7      | Reached XP level 8. HP: 64/67 MP: 9/9
  6048 | D:7      | Reached skill level 2 in Fire Magic
  6073 | D:7      | Found a radiant altar of Vehumet.
  6079 | D:7      | Reached skill level 3 in Fire Magic
  6154 | D:7      | Reached skill level 4 in Fire Magic
  6267 | D:7      | Reached skill level 5 in Fire Magic
  6294 | D:7      | Reached * piety under Qazlal
  6452 | D:7      | Found a basalt altar of Yredelemnul.
  6452 | D:7      | Found a sacrificial altar of Ru.
  6457 | D:7      | Found a shattered altar of Ashenzari.
  6459 | D:7      | Found a hazy altar of Hepliaklqana.
  6461 | D:7      | Found a bloodstained altar of Trog.
  6505 | D:7      | Reached skill level 6 in Fire Magic
  6767 | D:7      | Gained mutation: You have sharp fingernails. [demonic
                  | ancestry]
  6767 | D:7      | Reached XP level 9. HP: 47/72 MP: 10/10
  6924 | D:7      | Found a hide-covered altar of Uskayaw.
  6924 | D:7      | Found a snail-covered altar of Cheibriados.
  6925 | D:7      | Found a blossoming altar of Fedhas.
  7071 | D:8      | Reached skill level 7 in Fire Magic
  7188 | D:8      | Noticed a two-headed ogre
  7194 | D:8      | HP: 2/72 [two-headed ogre/+0 giant spiked club (26)]
  7739 | D:9      | Reached skill level 8 in Fire Magic
  7805 | D:9      | Noticed a queen bee
  7814 | D:9      | Reached skill level 9 in Fire Magic
  7824 | D:9      | Killed a queen bee
  7825 | D:9      | Reached ** piety under Qazlal
  7876 | D:9      | Found Ezyh's Antique Armour Shoppe.
  7926 | D:9      | Noticed Maurice
  8066 | D:9      | Gained mutation: Your body sometimes deteriorates upon
                  | taking damage. [potion of mutation]
  8066 | D:9      | Gained mutation: Your mind is acute. (Int +2) [potion of
                  | mutation]
  8066 | D:9      | Gained mutation: Your natural rate of healing is unusually
                  | fast. [potion of mutation]
  8069 | D:9      | Lost mutation: Your mind is acute. (Int +2) [potion of
                  | mutation]
  8069 | D:9      | Lost mutation: Your body sometimes deteriorates upon taking
                  | damage. [potion of mutation]
  8069 | D:9      | Gained mutation: You are clumsy. (Dex -2) [potion of
                  | mutation]
  8069 | D:9      | Gained mutation: Your system is resistant to poisons.
                  | (rPois) [potion of mutation]
  8079 | D:9      | Reached skill level 10 in Fire Magic
  8082 | D:9      | Killed from afar by a wight

Skill      XL: |  1  2  3  4  5  6  7  8  9 |
---------------+----------------------------+-----
Crossbows      | 3 4 5 |  5.3
Fighting       | 3 5 7 |  7.1
Evocations     | 2 |  2.6
Axes           | 1 |  1.2
Fire Magic     | 6 10 | 10.0
Throwing       | |  1.0
Armour         | |  1.7
Dodging        | |  1.0
Stealth        | |  1.0

Action                   |  1- 3 |  4- 6 |  7- 9 || total
-------------------------+-------+-------+-------++-------
Melee: Spear             |       |    21 |       ||    21
       Quarterstaff      |       |     9 |       ||     9
       War axe           |       |       |   176 ||   176
 Fire: Hand crossbow     |    77 |    28 |     4 ||   109
       Shortbow          |       |   141 |   142 ||   283
Invok: Upheaval          |       |       |     2 ||     2
Evoke: Wand              |       |       |     2 ||     2
  Use: Scroll            |     1 |     9 |     6 ||    16
       Potion            |       |     1 |    15 ||    16
 Stab: Sleeping          |       |       |     1 ||     1
  Eat: Chunk             |       |     7 |    12 ||    19
       Ration            |       |     1 |       ||     1
Armor: Robe              |     2 |    10 |     3 ||    15
       Ring mail         |       |       |    63 ||    63
       Skin              |       |       |    26 ||    26
Dodge: Dodged            |    16 |    45 |   136 ||   197
Block: Other             |       |     7 |    61 ||    68
